 Dungeon Crawl Stone Soup version 0.21.1-1-g345015f (webtiles) character file.

39 prawnwizard the Insei (level 3, -1/23 HPs)
             Began as an Octopode Transmuter on July 22, 2018.
             Slain by a crimson imp (3 damage)
             ... summoned by Natasha
             ... on level 2 of the Dungeon.
             The game lasted 00:01:01 (1262 turns).

prawnwizard the Insei (Octopode Transmuter)         Turns: 1262, Time: 00:01:02

Health: -1/23      AC:  1    Str:  9    XL:     3   Next: 47%
Magic:  5/6        EV: 14    Int: 15    God:
Gold:   67         SH:  0    Dex: 13    Spells: 5/6 levels left

rFire    . . .     SeeInvis .     - Unarmed
rCold    . . .     Gourm    .   (no shield)
rNeg     . . .     Faith    .   (helmet restricted)
rPois    .         Spirit   .   (no amulet)
rElec    .         Reflect  .   (no ring)
rCorr    .         Harm     .   (no ring)
MR       .....                  (no ring)
Stlth    ++........             (no ring)
HPRegen  0.07/turn              (no ring)
MPRegen  0.10/turn              (no ring)
                                (no ring)
                                (no ring)

@: appendage (expiring)
A: almost no armour, stealthy swim, amphibious, 8 rings, constrict 8, tentacle
spike 3, camouflage 1, gelatinous body 1
a: End Transformation


You were on level 2 of the Dungeon.
You were not hungry.
One of your tentacles had a temporary spike.
You visited 1 branch of the dungeon, and saw 2 of its levels.

You collected 67 gold pieces.

Inventory:

Missiles
 a - 12 arrows
Jewellery
 k - a cursed ring of loudness {unknown}
Scrolls
 e - a scroll of fog {unknown}
 g - 2 scrolls of remove curse {unknown}
 i - a scroll of magic mapping {unknown}
 j - a scroll of teleportation {unknown}
Potions
 d - a potion of degeneration {unknown}
 h - a potion of curing {unknown}
 l - a potion of brilliance {unknown}
Books
 b - a book of Changes

   Spells                             Type                      Level
   a - Beastly Appendage              Transmutation                1
   b - Sticks to Snakes               Transmutation                2
   c - Spider Form                    Transmutation/Poison         3
   d - Ice Form                       Ice/Transmutation            4
   e - Blade Hands                    Transmutation                5
Comestibles
 c - 3 rations
 f - 2 chunks of flesh


   Skills:
 - Level 1.0 Fighting
 + Level 2.4 Dodging
 * Level 3.6 Unarmed Combat
 + Level 2.3 Spellcasting
 + Level 2.4 Transmutations


You had 5 spell levels left.
You knew the following spells:

 Your Spells              Type           Power        Failure   Level  Hunger
a - Beastly Appendage     Tmut           #.....       8%          1    #......


Dungeon Overview and Level Annotations

Branches:
Dungeon (2/15)

Altars:

Annotations:
D:2 Natasha


Innate Abilities, Weirdness & Mutations

You cannot wear most types of armour.
You are very stealthy in the water. (Stealth+)
You are amphibious.
You can wear up to eight rings at the same time.
You can use your tentacles to constrict eight enemies at once.
Your skin changes colour to match your surroundings (Stealth+).
Your rubbery body absorbs attacks. (AC +1, EV +1)
One of your tentacles bears a large vicious spike.


Message History

Natasha claws you.
You tentacle-slap Natasha but do no damage.
You grab Natasha.
Natasha is moderately wounded.
You constrict Natasha, but do no damage.
The shadow imp misses you. The goblin misses you. Natasha claws you.
You tentacle-slap Natasha.
Natasha is heavily wounded.
You constrict Natasha, but do no damage.
The crimson imp misses you. The shadow imp hits you.
The goblin hits you with a dagger. Natasha claws you!
* * * LOW HITPOINT WARNING * * *
You release your grip on Natasha.
Things that are here:
a club; a hobgoblin corpse
Casting: Beastly Appendage
Confirm with . or Enter, or press ? or * to list all spells.
One of your tentacles grows a vicious spike.
The crimson imp hits you.
You die...

### # #≈...... ... .####
# #≈...[.. ##.###..<..#
#≈....♣.
##...#...##.######≈......
#...............##≈≈≈≈≈≈≈
#.............#.#########
#....h5#............#.#
#....#5##.###.#.###.#.#
!...#.##@##.###.#.# #.#.#
#.# ## #........#.###...#
# ####'#####....<#.# .##
##...## ####.###. ....
##.....## ##.#.#
.....##.......## ##..##
.......>.......####...##
...............+........
...............####....#


You could see Natasha, a crimson imp and a shadow imp.

Vanquished Creatures
  A gnoll (D:1)
  2 worms (D:2)
  A giant cockroach (D:2)
  4 goblins (D:1)
  5 hobgoblins
  2 bats (D:1)
  3 frilled lizards
  4 kobolds (D:1)
  3 rats (D:1)
25 creatures vanquished.

Notes
Turn   | Place    | Note
-------+----------+-------------------------------------------
     0 | D:1      | prawnwizard the Octopode Transmuter began the quest for the Orb.
     0 | D:1      | Reached XP level 1. HP: 13/13 MP: 3/3
    80 | D:1      | Reached XP level 2. HP: 7/18 MP: 3/5
   687 | D:1      | Reached XP level 3. HP: 18/23 MP: 6/6
  1251 | D:2      | Noticed Natasha
  1262 | D:2      | Slain by a crimson imp

Action                   || total
-------------------------++-------
Melee: Unarmed           ||    64
       Constrict         ||    19
       Tentacles         ||    10
       Kick              ||     2
       Punch             ||     1
 Cast: Beastly Appendage ||     2
 Stab: Sleeping          ||     8
       Distracted        ||     1
  Eat: Chunk             ||     1
Armor: Skin              ||     5
Dodge: Dodged            ||    30
